Workbook

Sheet Programming
A3: Num | B3: Activity | C3: Duration | D3: 1 | E3: 2 | F3: 3 | G3: 4 | H3: 5 | I3: 6 | J3: 7 | K3: 8 | L3: 9 | M3: 0 | N3: 1 | O3: 2 | P3: 3 | Q3: 4 | R3: 5 | S3: 6 | T3: 7 | U3: 8 | V3: 9 | W3: 0 | X3: 1 | Y3: 2 | Z3: 3 | AA3: 4 | AB3: 5 | AC3: 6 | AD3: 7
A4: 1 | B4: General conditions | C4: 4w
A5: 2 | B5: Site layout | C5: 1w
A6: 3 | B6: Foundations | C6: 6w
A7: 4 | B7: Framing | C7: 4w
A8: 5 | B8: Building envelope | C8: 4w
A9: 6 | B9: Exterior finishes | C9: 2w
A10: 7 | B10: Services | C10: 4w
A11: 8 | B11: Interior finishes | C11: 5w
A12: 9 | B12: Landscaping | C12: 2w
A13: 10 | B13: Final acceptance | C13: 1w

Sheet Monthly valuation
A3: Num | B3: Activity | C3: Duration | D3: Budget | E3: 1 | F3: 2 | G3: 3 | H3: 4 | I3: 5 | J3: 6 | K3: 7 | L3: 8 | M3: 9 | N3: 0 | O3: 1 | P3: 2 | Q3: 3 | R3: 4 | S3: 5 | T3: 6 | U3: 7 | V3: 8 | W3: 9 | X3: 0 | Y3: 1 | Z3: 2 | AA3: 3 | AB3: 4 | AC3: 5 | AD3: 6 | AE3: 7
A4: 1 | B4: General conditions | C4: 4w | D4: 5170.26 | E4: =$D4/4 -> 1292.565 | F4: =$D4/4 -> 1292.565 | G4: =$D4/4 -> 1292.565 | H4: =$D4/4 -> 1292.565
A5: 2 | B5: Site layout | C5: 1w | D5: 3446.85 | I5: =D5 -> 3446.85
A6: 3 | B6: Foundations | C6: 6w | D6: 12236.28 | J6: =$D6/6 -> 2039.38 | K6: =$D6/6 -> 2039.38 | L6: =$D6/6 -> 2039.38 | M6: =$D6/6 -> 2039.38 | N6: =$D6/6 -> 2039.38 | O6: =$D6/6 -> 2039.38
A7: 4 | B7: Framing | C7: 4w | D7: 27919.4 | P7: =$D7/4 -> 6979.85 | Q7: =$D7/4 -> 6979.85 | R7: =$D7/4 -> 6979.85 | S7: =$D7/4 -> 6979.85
A8: 5 | B8: Building envelope | C8: 4w | D8: 23093.83 | T8: =$D8/4 -> 5773.4575 | U8: =$D8/4 -> 5773.4575 | V8: =$D8/4 -> 5773.4575 | W8: =$D8/4 -> 5773.4575
A9: 6 | B9: Exterior finishes | C9: 2w | D9: 9478.81 | X9: =$D9/2 -> 4739.405 | Y9: =$D9/2 -> 4739.405
A10: 7 | B10: Services | C10: 4w | D10: 24989.59 | X10: =$D10/4 -> 6247.3975 | Y10: =$D10/4 -> 6247.3975 | Z10: =$D10/4 -> 6247.3975 | AA10: =$D10/4 -> 6247.3975
A11: 8 | B11: Interior finishes | C11: 5w | D11: 46532.34 | Y11: =$D11/5 -> 9306.468 | Z11: =$D11/5 -> 9306.468 | AA11: =$D11/5 -> 9306.468 | AB11: =$D11/5 -> 9306.468 | AC11: =$D11/5 -> 9306.468
A12: 9 | B12: Landscaping | C12: 2w | D12: 8617.1 | AC12: =$D12/2 -> 4308.55 | AD12: =$D12/2 -> 4308.55
A13: 10 | B13: Final acceptance | C13: 1w | AE13: 0
C14: TOTAL | D14: =SUM(D4:D13) -> 161484.46 | E14: =SUM(E4:E13) -> 1292.565 | F14: =SUM(F4:F13) -> 1292.565 | G14: =SUM(G4:G13) -> 1292.565 | H14: =SUM(H4:H13) -> 1292.565 | I14: =SUM(I4:I13) -> 3446.85 | J14: =SUM(J4:J13) -> 2039.38 | K14: =SUM(K4:K13) -> 2039.38 | ... AE14: =SUM(AE4:AE13) -> 0
H16: =SUM(E14:H14) -> 5170.26 | L16: =SUM(I14:L14) -> 9564.99 | P16: =SUM(M14:P14) -> 13097.99 | T16: =SUM(Q14:T14) -> 26713.008 | X16: =SUM(U14:X14) -> 28307.175 | AB16: =SUM(Y14:AB14) -> 60707.469 | AF16: =SUM(AC14:AF14) -> 17923.568
C18: 10% profit | H18: =0.1*H16 -> 517.026 | L18: =0.1*L16 -> 956.499 | P18: =0.1*P16 -> 1309.799 | T18: =0.1*T16 -> 2671.3008 | X18: =0.1*X16 -> 2830.7175 | AB18: =0.1*AB16 -> 6070.747 | AF18: =0.1*AF16 -> 1792.3568
C20: TOTAL | H20: =SUM(H16:H19) -> 5687.286 | L20: =SUM(L16:L19) -> 10521.489 | P20: =SUM(P16:P19) -> 14407.789 | T20: =SUM(T16:T19) -> 29384.308 | X20: =SUM(X16:X19) -> 31137.893 | AB20: =SUM(AB16:AB19) -> 66778.216 | AF20: =SUM(AF16:AF19) -> 19715.925
C22: 5% retention | H22: =0.05*H20 -> 284.3643 | L22: =0.05*L20 -> 526.07445 | P22: =0.05*P20 -> 720.38945 | T22: =0.05*T20 -> 1469.2154 | X22: =0.05*X20 -> 1556.8946 | AB22: =0.05*AB20 -> 3338.9108 | AF22: =0.05*AF20 -> 985.79624 | AH22: =SUM(H22:AG22) -> 8881.6453
C24: TOTAL | H24: =H20-H22 -> 5402.9217 | L24: =L20-L22 -> 9995.4145 | P24: =P20-P22 -> 13687.4 | T24: =T20-T22 -> 27915.093 | X24: =X20-X22 -> 29580.998 | AB24: =AB20-AB22 -> 63439.306 | AF24: =AF20-AF22 -> 18730.129
AF26: =AF24+AH22 -> 27611.774

Sheet Cash in - out
A4: Month | B4: Cash in | C4: Cash out | D4: Cumulative | E4: Cash flow
A5: 1 | C5: ='Monthly valuation'!$H$16 -> 5170.26 | D5: =C5 -> 5170.26 | E5: =B5-C5 -> -5170.26
A6: 2 | B6: ='Monthly valuation'!$H$24 -> 5402.9217 | C6: ='Monthly valuation'!$L$16 -> 9564.99 | D6: =C6-E5 -> 14735.25 | E6: =E5+B6-C6 -> -9332.3283
A7: 3 | B7: ='Monthly valuation'!$L$24 -> 9995.4145 | C7: ='Monthly valuation'!$P$16 -> 13097.99 | D7: =C7-E6 -> 22430.318 | E7: =E6+B7-C7 -> -12434.904
A8: 4 | B8: ='Monthly valuation'!$P$24 -> 13687.4 | C8: ='Monthly valuation'!$T$16 -> 26713.008 | D8: =C8-E7 -> 39147.911 | E8: =E7+B8-C8 -> -25460.512
A9: 5 | B9: ='Monthly valuation'!$T$24 -> 27915.093 | C9: ='Monthly valuation'!$X$16 -> 28307.175 | D9: =C9-E8 -> 53767.687 | E9: =E8+B9-C9 -> -25852.594
A10: 6 | B10: ='Monthly valuation'!$X$24 -> 29580.998 | C10: ='Monthly valuation'!$AB$16 -> 60707.469 | D10: =C10-E9 -> 86560.063 | E10: =E9+B10-C10 -> -56979.065
A11: 7 | B11: ='Monthly valuation'!$AB$24 -> 63439.306 | C11: ='Monthly valuation'!$AF$16 -> 17923.568 | D11: =C11-E10 -> 74902.633 | E11: =E10+B11-C11 -> -11463.328
A12: 8 | B12: ='Monthly valuation'!$AF$26 -> 27611.774 | C12: 0 | D12: =C12-E11 -> 11463.328 | E12: =E11+B12-C12 -> 16148.446
A14: TOTAL | B14: =SUM(B6:B13) -> 177632.91 | C14: =SUM(C5:C13) -> 161484.46
D26: Interest 7%
D27: =-0.07*E5/12 -> 30.15985 | E27: =E5-D27 -> -5200.4199
D28: =-0.07*E6/12 -> 54.438582 | E28: =E27+B6-C6-D28 -> -9416.9267
D29: =-0.07*E7/12 -> 72.536939 | E29: =E28+B7-C7-D29 -> -12592.039
D30: =-0.07*E8/12 -> 148.51965 | E30: =E29+B8-C8-D30 -> -25766.167
D31: =-0.07*E9/12 -> 150.8068 | E31: =E30+B9-C9-D31 -> -26309.056
D32: =-0.07*E10/12 -> 332.37788 | E32: =E31+B10-C10-D32 -> -57767.905
D33: =-0.07*E11/12 -> 66.869413 | E33: =E32+B11-C11-D33 -> -12319.037
E34: =E33+B12-C12-D34 -> 15292.737
D35: =SUM(D27:D34) -> 855.70911

Sheet Hoja3
